 Dungeon Crawl Stone Soup version 0.28.0-45-g0d030f2227 (webtiles) character file.

Game seed: 13569996378769949198

60 protoss039 the Digger (level 3, -7/27 HPs)
             Began as a Demonspawn Earth Elementalist on May 30, 2022.
             Killed from afar by a white imp (8 damage)
             ... with a puff of frost
             ... summoned by Natasha
             ... on level 2 of the Dungeon.
             The game lasted 00:02:43 (3465 turns).

protoss039 the Digger (DsEE)                        Turns: 3465, Time: 00:02:44

Health: -7/27      AC:  2    Str:  8    XL:     3   Next: 80%
Magic:  2/6        EV: 12    Int: 18    God:
Gold:   68         SH:  0    Dex: 19    Spells: 3/6 levels left

rFire   . . .      SeeInvis .   j - +0 short sword
rCold   . . .      Faith    .   (no shield)
rNeg    . . .      Spirit   .   b - +0 robe
rPois   .          Reflect  .   (no helmet)
rElec   .          Harm     .   (no cloak)
rCorr   .          Rampage  .   (no gloves)
Will    .....                   (no boots)
Stlth   ++........              (no amulet)
HPRegen 0.09/turn               e - +6 ring of dexterity
MPRegen 0.10/turn               (no ring)

@: mighty, very slightly contaminated
A: powered by pain 1
a: no special abilities


You were on level 2 of the Dungeon.
You visited 1 branch of the dungeon, and saw 2 of its levels.

You collected 68 gold pieces.

Inventory:

Hand Weapons
 j - a +0 short sword (weapon)
Missiles
 c - 48 stones
Armour
 b - a +0 robe (worn)
Jewellery
 e - a +6 ring of dexterity (left hand)
Scrolls
 f - a scroll of amnesia {unknown}
 i - 2 scrolls of identify {unknown}
Potions
 a - 2 potions of curing {unknown}
 d - a potion of berserk rage {unknown}
 g - a potion of invisibility {unknown}
 h - a potion of attraction {unknown}


   Skills:
 * Level 2.0 Fighting
 + Level 1.2 Armour
 - Level 1.7 Dodging
 - Level 1.7 Stealth
 + Level 2.4 Spellcasting
 - Level 1.0 Transmutations
 + Level 3.0 Earth Magic


You had 3 spell levels left.
You knew the following spells:

 Your Spells              Type           Power      Damage    Failure   Level
a - Sandblast             Erth           26%        2d8       4%          1
b - Passwall              Tmut/Erth      7%         N/A       12%         2

Your spell library contained the following spells:

 Spells                   Type           Power      Damage    Failure   Level
 Stone Arrow              Conj/Erth      14%        3d7       28%         3
 Petrify                  Tmut/Erth      9%         N/A       58%         4


Dungeon Overview and Level Annotations

Branches:
Dungeon (2/15)

Altars:
Elyvilon

Annotations:
D:2 Natasha


Innate Abilities, Weirdness & Mutations

You sometimes gain a little power by taking damage.


Message History

Unknown command.
Casting: Sandblast (safe; 4% risk of failure)
Confirm with . or Enter, or press ? or * to list all spells.
Aiming: Sandblast (safe; 4% risk of failure)
Press: ? - help, Shift-Dir - straight line, p - white imp
Okay, then.
Casting: Sandblast (safe; 4% risk of failure)
Confirm with . or Enter, or press ? or * to list all spells.
Aiming: Sandblast (safe; 4% risk of failure)
Press: ? - help, Shift-Dir - straight line, f - Natasha, p - white imp
Aim: Natasha (74% to hit)
You miscast Sandblast.
You are very lightly contaminated with residual magic.
Nothing appears to happen.
Natasha howls an incantation.
Natasha shimmers violently.
Natasha barely misses you.
Unknown command.
Casting: Sandblast (safe; 4% risk of failure)
Confirm with . or Enter, or press ? or * to list all spells.
Aiming: Sandblast (safe; 4% risk of failure)
Press: ? - help, Shift-Dir - straight line, f/p - Natasha
Aim: Natasha (74% to hit)
The blast of sand misses Natasha.
The white imp gestures at you. The puff of frost hits you!
* * * LOW HITPOINT WARNING * * *
You focus on the pain.
You feel very mighty all of a sudden. Natasha barely misses you.
Casting: Sandblast (safe; 4% risk of failure)
Confirm with . or Enter, or press ? or * to list all spells.
Aiming: Sandblast (safe; 4% risk of failure)
Press: ? - help, Shift-Dir - straight line, f/p - Natasha
Aim: Natasha (74% to hit)
The blast of sand hits Natasha!
Natasha is heavily wounded.
The white imp gestures at you. The puff of frost hits you!
You die...

#####.##### .#.##.# ..
.#....# ... .#.#######
#.# .......... #.#
.#.##############.#
.#.##.>.......).#[#######
.#.##'#########..........
..........†.....@5.......
..........#.###..h.......
..........# #...)......
..........# #..........
......>...# #..........
..........# #..........
..........# #..........
..........# #..........
..........# #..........


You could see Natasha and a white imp (summoned).

Vanquished Creatures
  An adder (D:2)
  4 bats
  3 endoplasms (D:1)
  2 giant cockroaches (D:2)
  4 goblins
  12 jackals
  3 kobolds (D:1)
  4 quokkas
  4 ball pythons
  3 frilled lizards
  2 rats (D:1)
42 creatures vanquished.

Notes
Turn   | Place    | Note
-------+----------+-------------------------------------------
     0 | D:1      | protoss039 the Demonspawn Earth Elementalist began the
                  | quest for the Orb.
     0 | D:1      | Reached XP level 1. HP: 13/13 MP: 3/3
    75 | D:1      | Reached skill level 1 in Transmutations
   125 | D:1      | Gained mutation: You sometimes gain a little power by
                  | taking damage. [demonic ancestry]
   125 | D:1      | Reached XP level 2. HP: 7/20 MP: 0/5
   446 | D:1      | Reached skill level 1 in Fighting
   697 | D:1      | Found a faded altar of an unknown god.
   807 | D:1      | Learned a level 2 spell: Passwall
  1928 | D:1      | Reached XP level 3. HP: 12/26 MP: 4/6
  2510 | D:2      | Reached skill level 1 in Armour
  2982 | D:2      | Reached skill level 3 in Earth Magic
  3458 | D:2      | Noticed Natasha
  3464 | D:2      | HP: 1/27 [white imp/puff of frost[Natasha] (9)]
  3465 | D:2      | Killed from afar by a white imp

Illustrated notes

Levels and vault maps discovered:
D:1:      tarquinn_simple_flora_water_e, layout_basic,
          hellmonk_ecumenical_altar_lost_god
D:2:      layout_basic, basic_altar, uniq_natasha

Skill      XL: |  1  2  3 |
---------------+----------+-----
Transmutations | 1 |  1.0
Fighting       | 1 2 |  2.0
Armour         | 1 |  1.2
Earth Magic    | 3 |  3.0
Dodging        | |  1.7
Stealth        | |  1.7
Spellcasting   | |  2.4

Action                   || total
-------------------------++-------
Melee: Unarmed           ||    22
       Dagger            ||    55
       Short sword       ||    56
 Cast: Sandblast         ||    38
 Stab: Sleeping          ||     2
Armor: Robe              ||    44
Dodge: Dodged            ||   131
